TOP OF THE 1ST |
West Virginia Power batting - Pitching for Dayton Dragons : LHP Juan Garcia
|
Pitching: LHP Juan Garcia
|
|
Batting: LHB Joe Hoover
|
0-0: Bunted foul 0-1: Ball 1-1: Ball 2-1: Swinging Strike 2-2: SINGLE (Groundball, 4, EV 95.0 MPH)
|
Batting: RHB Richard Barrios
|
0-0: Called Strike 0-1: Swinging Strike 0-2: Strikes out swinging
|
Batting: RHB Mike Velazquez
|
0-0: Ball 1-0: Called Strike Joe Hoover steals 2nd base 1-1: Ball 2-1: Ball 3-1: Called Strike 3-2: Ground out 6-3 (Groundball, 56D, EV 88.1 MPH)
|
Batting: RHB Zach Chmieleski
|
0-0: Ball 1-0: Called Strike 1-1: Foul Ball, location: 2F 1-2: Foul Ball, location: 2F 1-2: Strikes out swinging
|
Top of the 1st over - 0 runs, 1 hit, 0 errors, 1 left on base; West Virginia 0 - Dayton 0 |
BOTTOM OF THE 1ST |
Dayton Dragons batting - Pitching for West Virginia Power : LHP Stan Stirnweiss
|
Pitching: LHP Stan Stirnweiss
|
|
Batting: LHB Keith Egan
|
0-0: Ground out 6-3 (Groundball, 6, EV 108.1 MPH)
|
Batting: RHB Randy Grewe
|
0-0: Ball 1-0: SINGLE (Groundball, 6MD, EV 97.5 MPH)
|
Batting: SHB Tim Utz
|
0-0: Ground out 4-3 (Groundball, 4S, EV 68.1 MPH) Randy Grewe to second
|
Batting: RHB Danny Real
|
0-0: Ball 1-0: Foul Ball, location: 2F 1-1: SINGLE (Groundball, 5S, EV 66.9 MPH) (infield hit) Randy Grewe to third
|
Batting: RHB Mark Williams
|
0-0: Called Strike 0-1: SINGLE (Groundball, 6MD, EV 100.0 MPH) Randy Grewe scores Danny Real to second Runner from 2nd tries for 3rd, SAFE, throw by CF made to third
|
Batting: RHB Frank Moron
|
0-0: Ball 1-0: Ball 2-0: Ball 3-0: Called Strike 3-1: Foul Ball, location: 2F 3-2: Foul Ball, location: 2F 3-2: Foul Ball, location: 2F 3-2: Base on Balls Mark Williams to second
|
Batting: RHB Kevin Larner
|
0-0: Called Strike 0-1: Ball 1-1: Fly out, F7 (Line Drive, 7, EV 88.8 MPH)
|
Bottom of the 1st over - 1 run, 3 hits, 0 errors, 3 left on base; West Virginia 0 - Dayton 1 |
TOP OF THE 2ND |
West Virginia Power batting - Pitching for Dayton Dragons : LHP Juan Garcia
|
Batting: LHB Donald Imre
|
0-0: Foul Ball, location: 2F 0-1: Ball 1-1: Ground out 5-3 (Groundball, 56, EV 103.8 MPH)
|
Batting: RHB Roberto Guzman
|
0-0: Ball 1-0: Foul Ball, location: 2F 1-1: Called Strike 1-2: Ball 2-2: Ball 3-2: Base on Balls
|
Batting: RHB Alfredo Medrano
|
0-0: Called Strike 0-1: Foul Ball, location: 2F 0-2: Strikes out looking
|
Batting: RHB Tom Primmer
|
0-0: Ball 1-0: Ball 2-0: Called Strike 2-1: Called Strike 2-2: Strikes out swinging
|
Top of the 2nd over - 0 runs, 0 hits, 0 errors, 1 left on base; West Virginia 0 - Dayton 1 |
BOTTOM OF THE 2ND |
Dayton Dragons batting - Pitching for West Virginia Power : LHP Stan Stirnweiss
|
Batting: RHB R.J. Romberg
|
0-0: Foul Ball, location: 2F 0-1: Foul Ball, location: 2F 0-2: Ground out 4-3 (Groundball, 34, EV 93.8 MPH)
|
Batting: RHB Cyd Carver
|
0-0: Swinging Strike 0-1: Foul Ball, location: 2F 0-2: Strikes out swinging
|
Batting: LHB Keith Egan
|
0-0: Ball 1-0: Ball 2-0: SINGLE (Line Drive, 6M, EV 98.1 MPH)
|
Batting: RHB Randy Grewe
|
0-0: Called Strike 0-1: Ball 1-1: Fly out, F9 (Flyball, 89D, EV 81.9 MPH)
|
Bottom of the 2nd over - 0 runs, 1 hit, 0 errors, 1 left on base; West Virginia 0 - Dayton 1 |
TOP OF THE 3RD |
West Virginia Power batting - Pitching for Dayton Dragons : LHP Juan Garcia
|
Batting: RHB John Beiswenger
|
0-0: Called Strike 0-1: Ground out 6-3 (Groundball, 6, EV 89.4 MPH)
|
Batting: LHB Joe Hoover
|
0-0: Ball 1-0: Ball 2-0: Ball 3-0: Base on Balls
|
Batting: RHB Richard Barrios
|
0-0: Called Strike 0-1: Ball 1-1: Called Strike 1-2: Foul Ball, location: 2F 1-2: Strikes out looking
|
Batting: RHB Mike Velazquez
|
0-0: Ball Joe Hoover steals 2nd base 1-0: Fly out, F9 (Line Drive, 9, EV 90.0 MPH)
|
Top of the 3rd over - 0 runs, 0 hits, 0 errors, 1 left on base; West Virginia 0 - Dayton 1 |
BOTTOM OF THE 3RD |
Dayton Dragons batting - Pitching for West Virginia Power : LHP Stan Stirnweiss
|
Batting: SHB Tim Utz
|
0-0: Ball 1-0: Fly out, F2 (Popup, 2LF, EV 86.9 MPH)
|
Batting: RHB Danny Real
|
0-0: Fly out, F9 (Line Drive, 9LM, EV 93.1 MPH)
|
Batting: RHB Mark Williams
|
0-0: Ground out 6-3 (Groundball, 6S, EV 81.9 MPH)
|
Bottom of the 3rd over - 0 runs, 0 hits, 0 errors, 0 left on base; West Virginia 0 - Dayton 1 |
TOP OF THE 4TH |
West Virginia Power batting - Pitching for Dayton Dragons : LHP Juan Garcia
|
Batting: RHB Zach Chmieleski
|
0-0: Ball 1-0: Foul Ball, location: 2F 1-1: Ball 2-1: Fly out, F7 (Flyball, 78S, EV 95.0 MPH)
|
Batting: LHB Donald Imre
|
0-0: Called Strike 0-1: Foul Ball, location: 2F 0-2: Ball 1-2: Foul Ball, location: 2F 1-2: Ground out 6-3 (Groundball, 6M, EV 83.8 MPH)
|
Batting: RHB Roberto Guzman
|
0-0: Ball 1-0: Called Strike 1-1: Foul Ball, location: 2F 1-2: Ball 2-2: Ball 3-2: Foul Ball, location: 2F 3-2: Base on Balls
|
Batting: RHB Alfredo Medrano
|
0-0: Foul Ball, location: 2F 0-1: Ball 1-1: Foul Ball, location: 2F 1-2: Foul Ball, location: 2F 1-2: Fly out, F8 (Flyball, 89M, EV 79.4 MPH)
|
Top of the 4th over - 0 runs, 0 hits, 0 errors, 1 left on base; West Virginia 0 - Dayton 1 |
BOTTOM OF THE 4TH |
Dayton Dragons batting - Pitching for West Virginia Power : LHP Stan Stirnweiss
|
Batting: RHB Frank Moron
|
0-0: Called Strike 0-1: Ball 1-1: Foul Ball, location: 2F 1-2: Foul Ball, location: 2F 1-2: Foul Ball, location: 2F 1-2: Foul Ball, location: 2F 1-2: Fly out, F8 (Flyball, 8LD, EV 86.2 MPH)
|
Batting: RHB Kevin Larner
|
0-0: Ball 1-0: Ball 2-0: Called Strike 2-1: Ball 3-1: Base on Balls
|
Batting: RHB R.J. Romberg
|
0-0: Ball 1-0: Foul Ball, location: 2F 1-1: Swinging Strike 1-2: Ball 2-2: Fly out, F2 (Popup, 2LF, EV 86.9 MPH)
|
Batting: RHB Cyd Carver
|
0-0: Ball 1-0: Swinging Strike 1-1: Ball 2-1: Swinging Strike 2-2: SINGLE (Line Drive, 4M, EV 104.4 MPH) Kevin Larner to second
|
Batting: LHB Keith Egan
|
0-0: Ball 1-0: Ball 2-0: Called Strike 2-1: Swinging Strike 2-2: Strikes out swinging
|
Bottom of the 4th over - 0 runs, 1 hit, 0 errors, 2 left on base; West Virginia 0 - Dayton 1 |
TOP OF THE 5TH |
West Virginia Power batting - Pitching for Dayton Dragons : LHP Juan Garcia
|
Batting: RHB Tom Primmer
|
0-0: Foul Ball, location: 2F 0-1: Ball 1-1: Ball 2-1: Foul Ball, location: 2F 2-2: Foul Ball, location: 2F 2-2: Foul Ball, location: 2F 2-2: Hit by Pitch
|
Batting: RHB John Beiswenger
|
0-0: Ball 1-0: Ball 2-0: Ball Wild Pitch! Tom Primmer to second 3-0: Foul Ball, location: 2F 3-1: Ground out 6-3 (Groundball, 6, EV 86.2 MPH)
|
Batting: LHB Joe Hoover
|
0-0: Called Strike 0-1: Ground out 4-3 (Groundball, 4, EV 86.9 MPH) Tom Primmer to third
|
Batting: RHB Richard Barrios
|
0-0: Called Strike 0-1: Ball 1-1: Called Strike 1-2: Foul Ball, location: 2F 1-2: Foul Ball, location: 2F 1-2: Foul Ball, location: 2F 1-2: Ground out 6-3 (Groundball, 6M, EV 91.2 MPH)
|
Top of the 5th over - 0 runs, 0 hits, 0 errors, 1 left on base; West Virginia 0 - Dayton 1 |
BOTTOM OF THE 5TH |
Dayton Dragons batting - Pitching for West Virginia Power : LHP Stan Stirnweiss
|
Batting: RHB Randy Grewe
|
0-0: Foul Ball, location: 2F 0-1: Foul Ball, location: 2F 0-2: Ball 1-2: Foul Ball, location: 2F 1-2: Strikes out looking
|
Batting: SHB Tim Utz
|
0-0: Called Strike 0-1: Called Strike 0-2: Ball 1-2: Ball 2-2: Ball 3-2: Foul Ball, location: 2F 3-2: Foul Ball, location: 2F 3-2: Base on Balls
|
Batting: RHB Danny Real
|
0-0: Swinging Strike 0-1: Swinging Strike 0-2: Ball 1-2: Ball 2-2: Grounds into double play, 5-4-3 (Groundball, 56S, EV 94.4 MPH)
|
Bottom of the 5th over - 0 runs, 0 hits, 0 errors, 0 left on base; West Virginia 0 - Dayton 1 |
TOP OF THE 6TH |
West Virginia Power batting - Pitching for Dayton Dragons : LHP Juan Garcia
|
Batting: RHB Mike Velazquez
|
0-0: Ball 1-0: Foul Ball, location: 2F 1-1: Ball 2-1: Foul Ball, location: 2F 2-2: Ground out 1-3 (Groundball, 34S, EV 66.9 MPH)
|
Batting: RHB Zach Chmieleski
|
0-0: Called Strike 0-1: Swinging Strike 0-2: Foul Ball, location: 2F 0-2: Ball 1-2: Ball 2-2: Foul Ball, location: 2F 2-2: Foul Ball, location: 2F 2-2: Ground out 5-3 (Groundball, 5, EV 90.0 MPH)
|
Batting: LHB Donald Imre
|
0-0: SINGLE (Groundball, 4MD, EV 98.1 MPH)
|
Pitching: LHP Jin Zhui
|
|
Batting: RHB Roberto Guzman
|
0-0: Ball 1-0: Foul Ball, location: 2F 1-1: Foul Ball, location: 2F 1-2: Foul Ball, location: 2F 1-2: Strikes out swinging
|
Top of the 6th over - 0 runs, 1 hit, 0 errors, 1 left on base; West Virginia 0 - Dayton 1 |
BOTTOM OF THE 6TH |
Dayton Dragons batting - Pitching for West Virginia Power : LHP Stan Stirnweiss
|
Batting: RHB Mark Williams
|
0-0: Ball 1-0: Ball 2-0: Fly out, F8 (Flyball, 8LXD, EV 96.2 MPH)
|
Batting: RHB Frank Moron
|
0-0: Ball 1-0: Swinging Strike 1-1: Called Strike 1-2: Ball 2-2: Ball 3-2: Foul Ball, location: 2F 3-2: Ground out 6-3 (Groundball, 6, EV 79.4 MPH)
|
Batting: RHB Kevin Larner
|
0-0: Ball 1-0: Fly out, F6 (Line Drive, 6, EV 70.6 MPH)
|
Bottom of the 6th over - 0 runs, 0 hits, 0 errors, 0 left on base; West Virginia 0 - Dayton 1 |
TOP OF THE 7TH |
West Virginia Power batting - Pitching for Dayton Dragons : LHP Jin Zhui
|
Batting: RHB Alfredo Medrano
|
0-0: Foul Ball, location: 2F 0-1: Foul Ball, location: 2F 0-2: Strikes out looking
|
Batting: RHB Tom Primmer
|
0-0: Fly out, F8 (Flyball, 8RD, EV 100.0 MPH)
|
Batting: RHB John Beiswenger
|
0-0: Ball 1-0: Called Strike 1-1: Ball 2-1: Ground out 4-3 (Groundball, 34, EV 84.4 MPH)
|
Top of the 7th over - 0 runs, 0 hits, 0 errors, 0 left on base; West Virginia 0 - Dayton 1 |
BOTTOM OF THE 7TH |
Dayton Dragons batting - Pitching for West Virginia Power : LHP Stan Stirnweiss
|
Batting: RHB R.J. Romberg
|
0-0: Called Strike 0-1: Ball 1-1: Called Strike 1-2: Ball 2-2: Ball 3-2: Foul Ball, location: 2F 3-2: Foul Ball, location: 2F 3-2: Base on Balls
|
Pitching: RHP Franklin Amaro
|
|
Batting: RHB Cyd Carver
|
0-0: Grounds into double play, 4-6-3 (Groundball, 4, EV 109.4 MPH)
|
Batting: LHB Keith Egan
|
0-0: Foul Ball, location: 2F 0-1: Ball 1-1: Ball 2-1: Foul Ball, location: 2F 2-2: Strikes out swinging
|
Bottom of the 7th over - 0 runs, 0 hits, 0 errors, 0 left on base; West Virginia 0 - Dayton 1 |
TOP OF THE 8TH |
West Virginia Power batting - Pitching for Dayton Dragons : LHP Jin Zhui
|
Now at SS: Juan Zamora
|
|
Batting: LHB Joe Hoover
|
0-0: Foul Ball, location: 2F 0-1: Ground out 5-3 (Groundball, P, EV 85.6 MPH)
|
Batting: RHB Richard Barrios
|
0-0: Ball 1-0: Foul Ball, location: 2F 1-1: Ball 2-1: Called Strike 2-2: Strikes out looking
|
Batting: RHB Mike Velazquez
|
0-0: Ball 1-0: Ball 2-0: Ball 3-0: Called Strike 3-1: Foul Ball, location: 2F 3-2: Base on Balls
|
Pitching: RHP Juan Hernandez
|
|
Batting: RHB Zach Chmieleski
|
0-0: Fly out, F9 (Line Drive, 9LM, EV 91.9 MPH)
|
Top of the 8th over - 0 runs, 0 hits, 0 errors, 1 left on base; West Virginia 0 - Dayton 1 |
BOTTOM OF THE 8TH |
Dayton Dragons batting - Pitching for West Virginia Power : RHP Franklin Amaro
|
Batting: RHB Randy Grewe
|
0-0: Ball 1-0: Swinging Strike 1-1: Ground out 3-1 (Groundball, 34, EV 88.8 MPH)
|
Batting: SHB Tim Utz
|
0-0: Called Strike 0-1: Ball 1-1: Ball 2-1: Ball 3-1: SINGLE (Groundball, 4MD, EV 99.4 MPH)
|
Batting: RHB Danny Real
|
0-0: Ball 1-0: Grounds into double play, 6-4-3 (Groundball, 6M, EV 92.5 MPH)
|
Bottom of the 8th over - 0 runs, 1 hit, 0 errors, 0 left on base; West Virginia 0 - Dayton 1 |
TOP OF THE 9TH |
West Virginia Power batting - Pitching for Dayton Dragons : RHP Juan Hernandez
|
Pitching: RHP Giovonni Morgia
|
|
Now at 2B: Yasusaburo Kuwahara
|
|
Batting: LHB Donald Imre
|
0-0: Ball 1-0: Ball 2-0: Called Strike 2-1: Foul Ball, location: 2F 2-2: Fly out, F7 (Flyball, 78S, EV 92.5 MPH)
|
Batting: RHB Roberto Guzman
|
0-0: Called Strike 0-1: Ball 1-1: Ground out 6-3 (Groundball, 56, EV 83.8 MPH)
|
Batting: RHB Alfredo Medrano
|
0-0: Ball 1-0: Ball 2-0: Ball 3-0: Called Strike 3-1: Ground out 4-3 (Groundball, 34, EV 86.2 MPH)
|
Top of the 9th over - 0 runs, 0 hits, 0 errors, 0 left on base; West Virginia 0 - Dayton 1 |
|